TOP OF THE 1ST |
Surrey Sinners batting - Pitching for Salem Sledgehammers : RHP Will Robinson
|
Pitching: RHP Will Robinson
|
|
Batting: RHB Marcos Liñares
|
0-0: Called Strike 0-1: Ball 1-1: Ball 2-1: Ball 3-1: Foul Ball, location: 2F 3-2: Foul Ball, location: 2F 3-2: Foul Ball, location: 2F 3-2: DOUBLE (Flyball, 8LM)
|
Batting: RHB Félix Carbajal
|
0-0: Called Strike Marcos Liñares steals 3rd base 0-1: Swinging Strike 0-2: Ball 1-2: Strikes out swinging
|
Batting: RHB Heath O'Keerwin
|
0-0: Called Strike 0-1: Ball 1-1: Ground out 6-3 (Groundball, 6) Marcos Liñares scores
|
Batting: LHB Juan Hinojosa
|
0-0: Fly out, F4 (Popup, 4D)
|
Top of the 1st over - 1 run(s), 1 hit(s), 0 error(s), 0 left on base; Surrey 1 - Salem 0 |
BOTTOM OF THE 1ST |
Salem Sledgehammers batting - Pitching for Surrey Sinners : RHP Luis Vargas
|
Pitching: RHP Luis Vargas
|
|
Batting: SHB Juan Hernández
|
0-0: Called Strike 0-1: Ball 1-1: Ball 2-1: Swinging Strike 2-2: Ground out 4-3 (Groundball, 4)
|
Batting: RHB Kenny Pruitt
|
0-0: Called Strike 0-1: Called Strike 0-2: Strikes out swinging
|
Batting: RHB Juan Chávez
|
0-0: Ball 1-0: Ball 2-0: Ball 3-0: Base on Balls
|
Batting: RHB John Burton
|
0-0: Called Strike 0-1: Swinging Strike 0-2: Foul Ball, location: 2F 0-2: Fly out, F7 (Flyball, 7)
|
Bottom of the 1st over - 0 run(s), 0 hit(s), 0 error(s), 1 left on base; Surrey 1 - Salem 0 |
TOP OF THE 2ND |
Surrey Sinners batting - Pitching for Salem Sledgehammers : RHP Will Robinson
|
Batting: RHB Dennis House
|
0-0: Called Strike 0-1: Ball 1-1: Ball 2-1: Foul Ball, location: 2F 2-2: Foul Ball, location: 2F 2-2: Foul Ball, location: 2F 2-2: Ball 3-2: Base on Balls
|
Batting: RHB John Stevens
|
0-0: Called Strike 0-1: Ball 1-1: Foul Ball, location: 2F 1-2: SINGLE (Groundball, 56S) (infield hit) Dennis House to second
|
Batting: RHB Jorge Barrios
|
0-0: Ball 1-0: Foul Ball, location: 2F 1-1: Hit by Pitch Dennis House to third John Stevens to second
|
Batting: RHB Mauro Paredes
|
0-0: Ball 1-0: Ball 2-0: Called Strike 2-1: Ball 3-1: Fly out, F9 (Flyball, 9S)
|
Batting: RHB Mitchell Darragh
|
0-0: Called Strike 0-1: Called Strike 0-2: Ball 1-2: Strikes out looking
|
Batting: RHB Marcos Liñares
|
0-0: Foul Ball, location: 2F 0-1: Foul Ball, location: 2F 0-2: Ball 1-2: Ball 2-2: Single, Error in OF, E7, batter to second base Dennis House scores John Stevens scores Jorge Barrios to third
|
Batting: RHB Félix Carbajal
|
0-0: Ball 1-0: Foul Ball, location: 2F 1-1: Foul Ball, location: 2F 1-2: Strikes out swinging
|
Top of the 2nd over - 2 run(s), 2 hit(s), 1 error(s), 2 left on base; Surrey 3 - Salem 0 |
BOTTOM OF THE 2ND |
Salem Sledgehammers batting - Pitching for Surrey Sinners : RHP Luis Vargas
|
Batting: RHB Ben Simpson
|
0-0: Ball 1-0: Ball 2-0: Foul Ball, location: 2F 2-1: Fly out, F6 (Line Drive, 6)
|
Batting: RHB Rich Crabtree
|
0-0: Called Strike 0-1: Ball 1-1: Ground out 5-3 (Groundball, 5S)
|
Batting: RHB Juan Morales
|
0-0: Ball 1-0: Ground out 5-3 (Groundball, 56)
|
Bottom of the 2nd over - 0 run(s), 0 hit(s), 0 error(s), 0 left on base; Surrey 3 - Salem 0 |
TOP OF THE 3RD |
Surrey Sinners batting - Pitching for Salem Sledgehammers : RHP Will Robinson
|
Batting: RHB Heath O'Keerwin
|
0-0: Called Strike 0-1: Foul Ball, location: 2F 0-2: Ball 1-2: Ball 2-2: Foul Ball, location: 2F 2-2: Foul Ball, location: 2F 2-2: Ball 3-2: Strikes out swinging
|
Batting: LHB Juan Hinojosa
|
0-0: Called Strike 0-1: Swinging Strike 0-2: Strikes out looking
|
Batting: RHB Dennis House
|
0-0: Ball 1-0: Ball 2-0: Called Strike 2-1: SINGLE (Line Drive, 4D)
|
Batting: RHB John Stevens
|
0-0: Swinging Strike 0-1: Foul Ball, location: 2F 0-2: Strikes out swinging
|
Top of the 3rd over - 0 run(s), 1 hit(s), 0 error(s), 1 left on base; Surrey 3 - Salem 0 |
BOTTOM OF THE 3RD |
Salem Sledgehammers batting - Pitching for Surrey Sinners : RHP Luis Vargas
|
Batting: RHB José Vázquez
|
0-0: Called Strike 0-1: Called Strike 0-2: Foul Ball, location: 2F 0-2: Ball 1-2: Strikes out looking
|
Batting: SHB Troy Abreu
|
0-0: Called Strike 0-1: Ball 1-1: Ground out 1-3 (Groundball, P)
|
Batting: SHB Juan Hernández
|
0-0: Called Strike 0-1: Fly out, F9 (Flyball, 9LM)
|
Bottom of the 3rd over - 0 run(s), 0 hit(s), 0 error(s), 0 left on base; Surrey 3 - Salem 0 |
TOP OF THE 4TH |
Surrey Sinners batting - Pitching for Salem Sledgehammers : RHP Will Robinson
|
Batting: RHB Jorge Barrios
|
0-0: Ball 1-0: Ball 2-0: Foul Ball, location: 2F 2-1: Foul Ball, location: 2F 2-2: Ball 3-2: Foul Ball, location: 2F 3-2: Fly out, F9 (Flyball, 9S)
|
Batting: RHB Mauro Paredes
|
0-0: Ball 1-0: Called Strike 1-1: Ball 2-1: Fly out, F7 (Flyball, 7LM)
|
Batting: RHB Mitchell Darragh
|
0-0: Foul Ball, location: 2F 0-1: Ball 1-1: Ball 2-1: Foul Ball, location: 2F 2-2: Ball 3-2: Foul Ball, location: 2F 3-2: Foul Ball, location: 2F 3-2: Ground out 6-3 (Groundball, 6)
|
Top of the 4th over - 0 run(s), 0 hit(s), 0 error(s), 0 left on base; Surrey 3 - Salem 0 |
BOTTOM OF THE 4TH |
Salem Sledgehammers batting - Pitching for Surrey Sinners : RHP Luis Vargas
|
Batting: RHB Kenny Pruitt
|
0-0: Fly out, F9 (Flyball, 89S)
|
Batting: RHB Juan Chávez
|
0-0: Ground out 6-3 (Groundball, 6S)
|
Batting: RHB John Burton
|
0-0: Ball 1-0: Ball 2-0: Foul Ball, location: 2F 2-1: Ball 3-1: Foul Ball, location: 2F 3-2: Foul Ball, location: 2F 3-2: Strikes out swinging
|
Bottom of the 4th over - 0 run(s), 0 hit(s), 0 error(s), 0 left on base; Surrey 3 - Salem 0 |
TOP OF THE 5TH |
Surrey Sinners batting - Pitching for Salem Sledgehammers : RHP Will Robinson
|
Pitching: RHP Jeff Smith
|
|
Batting: RHB Marcos Liñares
|
0-0: Called Strike 0-1: SOLO HOME RUN (Flyball, 7D), Distance : 419 ft
|
Batting: RHB Félix Carbajal
|
0-0: Ball 1-0: Ball 2-0: Swinging Strike 2-1: Foul Ball, location: 2F 2-2: Ball 3-2: Strikes out looking
|
Batting: RHB Heath O'Keerwin
|
0-0: Foul Ball, location: 2F 0-1: Ball 1-1: Swinging Strike 1-2: Strikes out swinging
|
Batting: LHB Juan Hinojosa
|
0-0: Called Strike 0-1: SINGLE (Flyball, 78S)
|
Batting: RHB Dennis House
|
0-0: Ball 1-0: Ball 2-0: DOUBLE (Flyball, 8LXD) Juan Hinojosa to third Runner from 3rd tries for Home, SAFE, no throw
|
Batting: RHB John Stevens
|
0-0: 2-RUN HOME RUN (Flyball, 9D), Distance : 401 ft
|
Pitching: LHP António Bruno
|
|
Batting: RHB Jorge Barrios
|
0-0: Ball 1-0: Ball 2-0: Ball 3-0: Base on Balls
|
Batting: RHB Mauro Paredes
|
0-0: SINGLE (Groundball, 6) (infield hit) Jorge Barrios to second
|
Batting: RHB Mitchell Darragh
|
0-0: Ball 1-0: Swinging Strike 1-1: Ball 2-1: Fielders Choice at 2nd, 6-4 (Groundball, 6)
|
Top of the 5th over - 4 run(s), 5 hit(s), 0 error(s), 1 left on base; Surrey 7 - Salem 0 |
BOTTOM OF THE 5TH |
Salem Sledgehammers batting - Pitching for Surrey Sinners : RHP Luis Vargas
|
Batting: RHB Ben Simpson
|
0-0: Called Strike 0-1: Swinging Strike 0-2: Strikes out swinging, 2-3 out at first.
|
Batting: RHB Rich Crabtree
|
0-0: Ball 1-0: Fly out, F9 (Flyball, 89S)
|
Batting: RHB Juan Morales
|
0-0: Ball 1-0: Foul Ball, location: 2F 1-1: Fly out, F9 (Flyball, 9LS)
|
Bottom of the 5th over - 0 run(s), 0 hit(s), 0 error(s), 0 left on base; Surrey 7 - Salem 0 |
TOP OF THE 6TH |
Surrey Sinners batting - Pitching for Salem Sledgehammers : LHP António Bruno
|
Batting: RHB Marcos Liñares
|
0-0: Called Strike 0-1: Foul Ball, location: 2F 0-2: Ball 1-2: Foul Ball, location: 2F 1-2: Foul Ball, location: 2F 1-2: DOUBLE (Flyball, 89XD)
|
Batting: RHB Félix Carbajal
|
0-0: Called Strike 0-1: Foul Ball, location: 2F 0-2: Ball 1-2: Ball 2-2: Strikes out swinging
|
Batting: RHB Heath O'Keerwin
|
0-0: Ball 1-0: Foul Ball, location: 2F 1-1: Ball 2-1: Swinging Strike 2-2: Ball 3-2: Strikes out swinging
|
Batting: LHB Juan Hinojosa
|
0-0: Ball 1-0: Foul Ball, location: 2F Balk! Marcos Liñares to third 1-1: Foul Ball, location: 2F 1-2: 2-RUN HOME RUN (Flyball, 9D), Distance : 402 ft
|
Batting: RHB Dennis House
|
0-0: Ground out 6-3 (Groundball, 6)
|
Top of the 6th over - 2 run(s), 2 hit(s), 0 error(s), 0 left on base; Surrey 9 - Salem 0 |
BOTTOM OF THE 6TH |
Salem Sledgehammers batting - Pitching for Surrey Sinners : RHP Luis Vargas
|
Batting: RHB José Vázquez
|
0-0: Called Strike 0-1: Foul Ball, location: 2F 0-2: Ball 1-2: Strikes out swinging
|
Batting: SHB Troy Abreu
|
0-0: Called Strike 0-1: Ball 1-1: Ground out 4-3 (Groundball, 4D)
|
Batting: SHB Juan Hernández
|
0-0: Called Strike 0-1: Swinging Strike 0-2: Ball 1-2: Foul Ball, location: 2F 1-2: Ball 2-2: Foul Ball, location: 2F 2-2: Ball 3-2: Base on Balls
|
Batting: RHB Kenny Pruitt
|
0-0: Called Strike 0-1: Called Strike Juan Hernández is caught stealing 2nd base
|
Bottom of the 6th over - 0 run(s), 0 hit(s), 0 error(s), 0 left on base; Surrey 9 - Salem 0 |
TOP OF THE 7TH |
Surrey Sinners batting - Pitching for Salem Sledgehammers : LHP António Bruno
|
Batting: RHB John Stevens
|
0-0: Ball 1-0: Ball 2-0: Foul Ball, location: 2F 2-1: Called Strike 2-2: Fly out, F7 (Flyball, 7S)
|
Batting: RHB Jorge Barrios
|
0-0: Ball 1-0: Ball 2-0: Foul Ball, location: 2F 2-1: Foul Ball, location: 2F 2-2: Ball 3-2: Strikes out swinging
|
Batting: RHB Mauro Paredes
|
0-0: Called Strike 0-1: Called Strike 0-2: Ball 1-2: Foul Ball, location: 2F 1-2: Ball 2-2: Ball 3-2: Base on Balls
|
Batting: RHB Mitchell Darragh
|
0-0: Ball 1-0: Foul Ball, location: 2F 1-1: Ball 2-1: Foul Ball, location: 2F 2-2: Foul Ball, location: 2F 2-2: Foul Ball, location: 2F 2-2: Foul Ball, location: 2F 2-2: Ground out 1-3 (Groundball, 15)
|
Top of the 7th over - 0 run(s), 0 hit(s), 0 error(s), 1 left on base; Surrey 9 - Salem 0 |
BOTTOM OF THE 7TH |
Salem Sledgehammers batting - Pitching for Surrey Sinners : RHP Luis Vargas
|
Batting: RHB Kenny Pruitt
|
0-0: Foul Ball, location: 2F 0-1: Called Strike 0-2: Fly out, F6 (Popup, 56)
|
Batting: RHB Juan Chávez
|
0-0: Called Strike 0-1: Foul Ball, location: 2F 0-2: Ball 1-2: Foul Ball, location: 2F 1-2: Foul Ball, location: 2F 1-2: Foul Ball, location: 2F 1-2: Strikes out swinging
|
Batting: RHB John Burton
|
0-0: Fly out, F3 (Line Drive, 3)
|
Bottom of the 7th over - 0 run(s), 0 hit(s), 0 error(s), 0 left on base; Surrey 9 - Salem 0 |
TOP OF THE 8TH |
Surrey Sinners batting - Pitching for Salem Sledgehammers : LHP António Bruno
|
Pitching: RHP Albert Villa
|
|
Batting: RHB Marcos Liñares
|
0-0: Ball 1-0: Ball 2-0: Ball 3-0: Base on Balls
|
Batting: RHB Félix Carbajal
|
0-0: Called Strike Marcos Liñares is caught stealing 2nd base 0-1: Hit by Pitch
|
Batting: RHB Heath O'Keerwin
|
0-0: Swinging Strike 0-1: Ball 1-1: Swinging Strike 1-2: Strikes out looking
|
Batting: LHB Juan Hinojosa
|
0-0: SINGLE (Groundball, 4) (infield hit) Félix Carbajal to second
|
Batting: RHB Dennis House
|
0-0: Ball 1-0: Swinging Strike 1-1: Ball 2-1: Foul Ball, location: 2F 2-2: Ball 3-2: Strikes out swinging
|
Top of the 8th over - 0 run(s), 1 hit(s), 0 error(s), 2 left on base; Surrey 9 - Salem 0 |
BOTTOM OF THE 8TH |
Salem Sledgehammers batting - Pitching for Surrey Sinners : RHP Luis Vargas
|
Batting: RHB Ben Simpson
|
0-0: Ball 1-0: Ball 2-0: Swinging Strike 2-1: Ball 3-1: Base on Balls
|
Batting: RHB Rich Crabtree
|
0-0: Foul Ball, location: 2F 0-1: Ball 1-1: Ball 2-1: Fly out, F7 (Flyball, 7)
|
Batting: RHB Juan Morales
|
0-0: Ball 1-0: Swinging Strike 1-1: Ball 2-1: Fly out, F4 (Popup, 4)
|
Batting: RHB José Vázquez
|
0-0: Called Strike 0-1: Ball 1-1: Foul Ball, location: 2F 1-2: Fly out, F6 (Flyball, 6MD)
|
Bottom of the 8th over - 0 run(s), 0 hit(s), 0 error(s), 1 left on base; Surrey 9 - Salem 0 |
TOP OF THE 9TH |
Surrey Sinners batting - Pitching for Salem Sledgehammers : RHP Albert Villa
|
Batting: RHB John Stevens
|
0-0: Ball 1-0: Ball 2-0: Ground out 6-3 (Groundball, 6)
|
Batting: RHB Jorge Barrios
|
0-0: Foul Ball, location: 2F 0-1: Foul Ball, location: 2F 0-2: Ball 1-2: Ball 2-2: Fly out, F9 (Flyball, 89M)
|
Batting: RHB Mauro Paredes
|
0-0: Ball 1-0: Called Strike 1-1: Ball 2-1: Foul Ball, location: 2F 2-2: Ball 3-2: Ground out 4-3 (Groundball, 4)
|
Top of the 9th over - 0 run(s), 0 hit(s), 0 error(s), 0 left on base; Surrey 9 - Salem 0 |
BOTTOM OF THE 9TH |
Salem Sledgehammers batting - Pitching for Surrey Sinners : RHP Luis Vargas
|
Now at 1B: Norberto Muñóz
|
|
Batting: SHB Troy Abreu
|
0-0: Ball 1-0: Ground out 4-3 (Groundball, 4)
|
Pinch Hitting: LHB Miguel Gálvez
|
0-0: Foul Ball, location: 2F 0-1: Foul Ball, location: 2F 0-2: Ball 1-2: Ball 2-2: Strikes out looking
|
Batting: RHB Kenny Pruitt
|
0-0: Ball 1-0: Ground out 6-3 (Groundball, 6)
|
Bottom of the 9th over - 0 run(s), 0 hit(s), 0 error(s), 0 left on base; Surrey 9 - Salem 0 |
|